 Dungeon Crawl Stone Soup version 0.28-a0-514-g0d7ab7f379 (webtiles) character file.

Game seed: 3022824455335129330

5668 heikuro the Cleaver (level 10, 0/91 HPs)
             Began as a Minotaur Berserker on Sept 22, 2021.
             Was a High Priest of Trog.
             Slain by a killer bee (1 damage)
             ... on level 9 of the Dungeon.
             The game lasted 00:12:22 (8052 turns).

heikuro the Cleaver (Minotaur Berserker)            Turns: 8052, Time: 00:12:23

Health: 0/91       AC: 11    Str: 21 (23) XL:     10   Next: 47%
Magic:  9/9        EV: 16    Int:  2 (4)  God:    Trog [*****.]
Gold:   473        SH:  9    Dex:  9 (12) Spells: 9/9 levels left

rFire   + . .      SeeInvis .   a - +0 war axe
rCold   . . .      Faith    .   u - +0 buckler
rNeg    . . .      Spirit   .   j - +0 scale mail
rPois   .          Reflect  +   (helmet restricted)
rElec   .          Harm     .   (no cloak)
rCorr   .          Rampage  .   A - +0 pair of gloves
Will    .....                   M - +0 pair of boots
Stlth   ..........              f - amulet of reflection
HPRegen 0.25/turn               B - +4 ring of evasion
MPRegen 0.11/turn               E - ring of protection from fire

@: on berserk cooldown, slowed, studying Crossbows, very slow
A: horns 2, retaliatory headbutt
a: Renounce Religion, Berserk, Trog's Hand, Brothers in Arms


You were on level 9 of the Dungeon.
You worshipped Trog.
Trog was extremely pleased with you.
You visited 2 branches of the dungeon, and saw 10 of its levels.

You collected 473 gold pieces.

Inventory:

Hand Weapons
 a - a +0 war axe (weapon)
 o - a +5 dagger
 p - a +0 dagger of venom
 y - a +0 battleaxe of holy wrath
 O - the +8 flail of Drought {freeze, Contam Dex+3}
   (You found it on level 7 of the Dungeon)

   It freezes those it strikes, dealing additional cold damage.
   It can also slow down cold-blooded creatures.
   Dex:       It affects your dexterity (+3).
   Contam:    It causes magical contamination when unequipped.
Missiles
 G - 4 curare-tipped darts (quivered)
 H - 37 poisoned darts
Armour
 j - a +0 scale mail (worn)
 u - a +0 buckler (worn)
 A - a +0 pair of gloves (worn)
 M - a +0 pair of boots (worn)
Jewellery
 f - an amulet of reflection (around neck)
 B - a +4 ring of evasion (left hand)
 E - a ring of protection from fire (right hand)
 I - a ring of ice
 J - an amulet of the acrobat
 N - the ring of the Hare {EV+8}
   (You found it on level 7 of the Dungeon)

   [ring of evasion]

   EV:        It affects your evasion (+8).
Wands
 x - a wand of polymorph (9)
 C - a wand of iceblast (12)
Scrolls
 c - 2 scrolls of amnesia {unknown}
 d - 5 scrolls of teleportation {unknown}
 g - a scroll of brand weapon {unknown}
 h - 4 scrolls of enchant weapon {unknown}
 i - 6 scrolls of identify {unknown}
 l - 3 scrolls of silence {unknown}
 m - a scroll of summoning {unknown}
 n - a scroll of holy word {unknown}
 t - a scroll of torment {unknown}
 w - a scroll of immolation {unknown}
 K - a scroll of magic mapping {unknown}
 P - a scroll of acquirement {unknown}
 Q - a scroll of fog {unknown}
Potions
 b - 2 potions of resistance {unknown}
 e - 3 potions of degeneration
 k - 3 potions of invisibility {unknown}
 q - 3 potions of curing {unknown}
 r - 3 potions of cancellation {unknown}
 s - 3 potions of heal wounds {unknown}
 v - 2 potions of flight {unknown}
 z - a potion of brilliance {unknown}
 D - a potion of ambrosia {unknown}
 F - a potion of berserk rage {unknown}
 L - a potion of haste {unknown}


   Skills:
 + Level 9.0 Fighting
 * Level 12.0 Axes
 + Level 8.4 Armour
 + Level 8.1 Dodging
 - Level 4.0 Shields


You had 9 spell levels left.
You didn't know any spells.
Your spell library was empty.

Dungeon Overview and Level Annotations

Branches:
Dungeon (9/15)             Temple (1/1) D:6             Orc (0/2) D:9
   Lair: D:8-11

Altars:
Ashenzari
Cheibriados
Dithmenos
Elyvilon
Fedhas
Gozag
Hepliaklqana
Kikubaaqudgha
Makhleb
Nemelex Xobeh
Okawaru
Qazlal
Ru
Sif Muna
Trog
Vehumet
Xom
Yredelemnul
Zin
The Shining One

Shops:
D:5 :   D:9 :

Annotations:
D:3 3 runed translucent doors, Spaninq's ghost, amateur DrWn
D:6 2 transporters, tarna41's ghost, novice GnCA
D:8 1 runed translucent door, pokeman's ghost, novice DEWz


Innate Abilities, Weirdness & Mutations

You have a pair of horns on your head.
You reflexively headbutt those who attack you in melee.


Message History

The orc warrior hits you from afar with a +0 halberd!
You feel sick. You block the killer bee's attack.
The killer bee closely misses you. The orc warrior barely misses you.
The killer bee closely misses you. You block the orc warrior's attack.
You barely miss the orc warrior.
You headbutt the orc warrior, but do no damage.
You hit the orc warrior but do no damage.
You closely miss the killer bee.
You feel sick.
You are no longer poisoned.
The killer bee closely misses you. The orc warrior closely misses you.
You block the killer bee's attack.
The orc warrior hits you but does no damage.
The orc warrior hits you with a +0 halberd!
* * * LOW HITPOINT WARNING * * *
The killer bee completely misses you. You furiously retaliate!
You headbutt the killer bee, but do no damage.
You hit the orc warrior but do no damage.
You headbutt the orc warrior.
The orc warrior is lightly wounded.
You hit the orc warrior.
You kill the orc warrior!
Trog accepts your kill.
You closely miss the killer bee. You block the killer bee's attack.
The killer bee completely misses you. You block the orc warrior's attack.
You closely miss the orc warrior. You headbutt the orc warrior.
The orc warrior is moderately wounded.
You hit the killer bee but do no damage.
The killer bee barely misses you. You furiously retaliate!
You headbutt the killer bee. You block the killer bee's attack.
The orc warrior hits you with a +0 halberd!
* * * LOW HITPOINT WARNING * * *
You block the killer bee's attack. The orc warrior misses you.
You furiously retaliate!
You headbutt the orc warrior.
Unknown command.
Unknown command.
It was a potion of degeneration.
There was something very wrong with that liquid.
You feel weakened.
You feel dopey.
You feel clumsy.
You block the killer bee's attack. x2; The killer bee stings you.
You die...

#.# #.# ###
#.#####.###
#.#.......###
#...........###
#.....).......#
#.....†........
#..##.).o[....$.
#..##..y@.......
#..####..).....##
#.........)...##
..............#
#..............#
............#
.....>........
...............
...............


You could see an orc warrior and a killer bee.

Vanquished Creatures
  2 two-headed ogres
  Erica (D:7)
  A wraith (D:9)
  5 yaks (D:8)
  A steam dragon (D:6)
  Edmund (D:4)
  A sky beast (D:7)
  A necrophage (D:5)
  3 orc warriors
  3 ogres
  2 centaurs
  2 kobold brigands
  3 scorpions
  A gnoll sergeant (D:5)
  A water moccasin skeleton (D:4)
  3 killer bees (D:9)
  5 howler monkeys
  A bullfrog zombie (D:6)
  4 jellies
  3 centaur zombies
  An orc priest (D:3)
  A centaur skeleton (D:7)
  2 hounds (D:6)
  A bullfrog skeleton (D:5)
  Ijyb (D:4)
  2 iguanas
  Terence (D:2)
  8 orc wizards
  2 killer bee zombies
  A hound skeleton (D:4)
  17 gnolls
  9 adders
  A howler monkey skeleton (D:6)
  A white imp (D:7)
  4 ufetubi
  An adder zombie (D:5)
  2 worms
  2 dart slugs
  33 orcs
  11 ball pythons
  8 endoplasms
  A giant cockroach (D:4)
  9 goblins
  3 hobgoblins
  4 jackals (D:4)
  5 quokkas
  7 bats
  5 frilled lizards
  10 kobolds
  7 rats
204 creatures vanquished.

Vanquished Creatures (others)
  An orc (D:8)
  2 withered plants (D:8)
3 creatures vanquished.

Grand Total: 207 creatures vanquished

Notes
Turn   | Place    | Note
-------+----------+-------------------------------------------
     0 | D:1      | heikuro the Minotaur Berserker began the quest for the Orb.
     0 | D:1      | Reached XP level 1. HP: 19/19 MP: 0/0
   164 | D:1      | Reached XP level 2. HP: 21/27 MP: 1/1
   242 | D:1      | Reached skill level 4 in Axes
   740 | D:1      | Reached ** piety under Trog
   890 | D:2      | Noticed Terence
   895 | D:2      | Killed Terence
   896 | D:2      | Reached XP level 3. HP: 33/33 MP: 2/2
  1157 | D:2      | Found a faded altar of an unknown god.
  1204 | D:2      | Reached XP level 4. HP: 40/40 MP: 3/3
  1438 | D:2      | Reached skill level 5 in Axes
  1441 | D:2      | Reached XP level 5. HP: 39/47 MP: 4/4
  2536 | D:3      | Found a runed translucent gate.
  2538 | D:3      | Found a runed translucent gate.
  2539 | D:3      | Found a runed translucent gate.
  2540 | D:3      | Found an opulent altar of Gozag.
  2542 | D:3      | Noticed Spaninq's ghost (amateur DrWn)
  2542 | D:3      | Noticed an ogre
  2784 | D:3      | Reached XP level 6. HP: 53/55 MP: 5/5
  2802 | D:3      | Found a stormy altar of Qazlal.
  3274 | D:4      | Reached *** piety under Trog
  3275 | D:4      | Reached skill level 6 in Axes
  3281 | D:4      | Reached skill level 5 in Fighting
  3484 | D:4      | Reached skill level 1 in Shields
  3550 | D:4      | Noticed Ijyb
  3557 | D:4      | Killed Ijyb
  3682 | D:4      | Noticed Edmund
  3692 | D:4      | Killed Edmund
  3693 | D:4      | Reached XP level 7. HP: 50/61 MP: 6/6
  3999 | D:4      | Reached skill level 7 in Axes
  4080 | D:5      | Entered Level 5 of the Dungeon
  4119 | D:5      | Reached skill level 5 in Armour
  4322 | D:5      | Reached XP level 8. HP: 61/70 MP: 7/7
  4364 | D:5      | Found Lumor's Book Emporium.
  4725 | D:5      | Reached skill level 8 in Axes
  4725 | D:5      | Reached skill level 5 in Dodging
  4849 | D:5      | Noticed a two-headed ogre
  4857 | D:5      | Killed a two-headed ogre
  4858 | D:5      | Reached skill level 9 in Axes
  5077 | D:6      | Found a transporter.
  5081 | D:6      | Noticed tarna41's ghost (novice GnCA)
  5108 | D:6      | Reached **** piety under Trog
  5120 | D:6      | Found a transporter.
  5398 | D:6      | Reached XP level 9. HP: 78/78 MP: 8/8
  5577 | D:6      | Found a staircase to the Ecumenical Temple.
  5967 | D:6      | Found a shimmering altar of Xom.
  5969 | D:6      | Found a shimmering blue altar of Sif Muna.
  6487 | D:7      | Reached skill level 10 in Axes
  6829 | D:7      | Found a bloodstained altar of Trog.
  6844 | D:7      | Found the ring of the Hare {EV+8}
  6990 | D:7      | Identified the +8 flail of Drought {freeze, Contam Dex+3}
  7058 | Temple   | Entered the Ecumenical Temple
  7135 | D:8      | Noticed Erica
  7142 | D:8      | Noticed a two-headed ogre
  7146 | D:8      | Reached skill level 11 in Axes
  7161 | D:7      | Killed Erica
  7162 | D:7      | Reached XP level 10. HP: 24/90 MP: 9/9
  7380 | D:8      | Killed a two-headed ogre
  7520 | D:8      | Noticed pokeman's ghost (novice DEWz)
  7521 | D:8      | Found a runed translucent door.
  7867 | D:9      | Found Tiosa's Book Shoppe.
  8041 | D:9      | Found a staircase to the Orcish Mines.
  8042 | D:9      | Reached ***** piety under Trog
  8044 | D:9      | Reached skill level 12 in Axes
  8051 | D:9      | HP: 1/91 [orc warrior (13)]
  8052 | D:9      | Slain by a killer bee

Illustrated notes

Levels and vault maps discovered:
D:1:      co_arrival_hexagon_in_a_hexagon, layout_basic, minmay_pentomino_v4
D:2:      layout_loops_ring, basic_ecumenical_altar,
          chequers_serial_rivers_small_a, corner_web_ring,
          hangedman_decor_points, uniq_terence
D:3:      layout_loops_cross, old_standard_altar, ebering_ghost_gozag,
          serial_co_window_serial, co_window_paths_a, co_window_paths_a,
          co_window_paths_a, co_window_paths_a, co_window_corner_a,
          co_window_of_opportunity_a, co_window_cross_1, co_window_broadway_c,
          co_window_of_opportunity_b, co_window_corner_b, co_window_corner_b,
          dk_vineyard_3, dk_noncrumbling_4
D:4:      layout_rooms, uniq_ijyb, uniq_edmund
D:5:      layout_rooms, serial_shops, nicolae_shop_statue_plus,
          minmay_manual_maat
D:6:      wad_crossroads, layout_basic, nicolae_overflow_hidden_temple,
          minmay_temple_entry_from_below_b, gammafunk_ghost_stat_death
D:7:      layout_basic, lemuel_doored_altar
D:8:      layout_rooms, gammafunk_ghost_grave, uniq_erica
D:9:      layout_cave_pods, mainiacjoe_overflow_alcove_1, david_orc_3,
          serial_shops, shop, glass_columns_a
Temple:   nicolae_temple_x_marks_the_god

Skill      XL: |  1  2  3  4  5  6  7  8  9 10 |
---------------+-------------------------------+-----
Axes           | 4 5 6 7 9 11 12 | 12.0
Fighting       | 4 5 6 8 9 |  9.0
Armour         | 3 4 5 6 7 8 |  8.4
Dodging        | 3 4 6 7 8 |  8.1
Shields        | 1 3 4 |  4.0

Action                   |  1- 3 |  4- 6 |  7- 9 | 10-12 || total
-------------------------+-------+-------+-------+-------++-------
Melee: Hand axe          |    39 |       |       |       ||    39
       Headbutt          |     6 |    13 |    39 |    24 ||    82
       War axe           |    17 |   107 |   206 |    73 ||   403
       Unarmed           |       |     4 |       |       ||     4
Invok: Berserk           |     2 |     7 |     3 |     2 ||    14
  Use: Potion            |       |       |       |     1 ||     1
Armor: Leather armour    |    12 |       |       |       ||    12
       Scale mail        |    12 |    50 |    42 |    26 ||   130
       Skin              |       |     1 |       |       ||     1
Dodge: Dodged            |    37 |    64 |   131 |    58 ||   290
Block: Buckler           |       |    11 |    94 |    43 ||   148
       Reflection        |       |       |     3 |     1 ||     4

Table legend: (Time is in decaauts)
 A = Elapsed time spent in this place.
 B = Non-inter-level travel time spent in this place.
 C = Inter-level travel time spent in this place.
 D = Time resting spent in this place.
 E = Time spent auto-exploring this place.
 F = Levels seen in this place.
 G = Mean time per level.
                   A        B        C        D        E       F      G
               +--------+--------+--------+--------+--------+-----+--------+
         Total |   8281 |   7854 |    427 |   1666 |   4615 |  10 |  828.1 |
       Dungeon |   8225 |   7804 |    421 |   1666 |   4571 |   9 |  913.9 |
        Temple |     55 |     49 |      6 |      0 |     44 |   1 |   55.0 |
               +--------+--------+--------+--------+--------+-----+--------+

Top non-repeatable levels by time:
     D:3: 1348 daAuts
     D:6: 1276 daAuts
     D:2: 1211 daAuts
     D:7: 1023 daAuts
     D:4: 966 daAuts
     D:5: 860 daAuts
     D:1: 836 daAuts
     D:8: 501 daAuts
     D:9: 199 daAuts
  Temple: 55 daAuts
